 Dungeon Crawl Stone Soup version 0.19.4-10-g532645f (webtiles) character file.

25 Philleandros the Conjurer (level 2, -4/17 HPs)
             Began as a High Elf Conjurer on Feb 23, 2017.
             Slain by Robin
             ... wielding a +1 short sword of holy wrath
              (5 damage)
             ... on level 1 of the Dungeon.
             The game lasted 00:07:35 (1268 turns).

Philleandros the Conjurer (High Elf Conjurer)       Turns: 1268, Time: 00:07:36

Health: -4/17      AC:  3    Str:  7    XL:     2   Next: 82%
Magic:  5/6        EV: 13    Int: 18    God:
Gold:   81         SH:  0    Dex: 15    Spells: 1 memorised, 5 levels left

rFire  . . .     SeeInvis .     (no weapon)
rCold  . . .     Gourm    .     a - +1 robe
rNeg   . . .     Faith    .     (no shield)
rPois  .         Spirit   .     (no helmet)
rElec  .         Reflect  .     (no cloak)
rCorr  .         Harm     .     (no gloves)
MR     .....                    (no boots)
Stlth  ++........               (no amulet)
                                (no ring)
                                (no ring)

@: no status effects
A: no striking features
a: no special abilities


You were on level 1 of the Dungeon.
You were hungry.

You visited 1 branch of the dungeon, and saw 2 of its levels.

You collected 81 gold pieces.

Inventory:

Hand Weapons
 d - a +0 dagger
Armour
 a - a +1 robe (worn)
Potions
 e - a potion of lignification
 g - a potion of agility {unknown}
 h - a potion of ambrosia {unknown}
 i - a potion of cancellation {unknown}
Books
 b - a book of Conjurations

   Spells                             Type                      Level
   a - Magic Dart                     Conjuration                  1
   b - Searing Ray                    Conjuration                  2
   c - Dazzling Spray                 Conjuration/Hexes            3
   d - Fulminant Prism                Conjuration/Hexes            4
   e - Iskenderun's Mystic Blast      Conjuration                  4
   f - Iskenderun's Battlesphere      Conjuration/Charms           5
Comestibles
 c - a bread ration
 f - a meat ration


   Skills:
 + Level 2.2 Dodging
 + Level 2.2 Stealth
 + Level 2.8 Spellcasting
 + Level 5.1 Conjurations


You had 5 spell levels left.
You knew the following spells:

 Your Spells              Type           Power        Failure   Level  Hunger
a - Magic Dart            Conj           ###.         1%          1    None


Dungeon Overview and Level Annotations

Branches:
Dungeon (2/15)

Altars:
Qazlal

Annotations:
D:1 Robin


Message History

Robin misses you.
There is a stone staircase leading up here.
The leopard gecko bites you but does no damage.
Robin barely misses you.
You climb upwards.
There is a stone staircase leading down here.
The leopard gecko closely misses you. Robin misses you.
The leopard gecko barely misses you. The leopard gecko misses you.
Robin barely misses you. The leopard gecko closely misses you.
There is an open door here.
The leopard gecko closely misses you.
The leopard gecko bites you but does no damage.
The leopard gecko closely misses you. The leopard gecko bites you.
Robin hits you with a short sword of holy wrath.
* * * LOW HITPOINT WARNING * * *
The leopard gecko misses you.
Robin flexes a bicep menacingly.
Robin hits you with a short sword of holy wrath.
You die...

#........##.....#.............
#...........###.#.######.####.
#####.####....#.#.# #.##...
##'####.##.#.#.######'##.#'
#............#.........#...
#..........###.........#...
#......................#...
#####........gl##########'##...
#.........)...@# ####....#+
#.....####.....#######......##.
#..)..# #####.......'.......#.
#.....# #########.......#.
####### #.............#.#.
#..#######..#.#.#.
#..#######..#.#.#.
##..........#.#.#.
#)########.#...#'


You could see Robin and a leopard gecko.

Vanquished Creatures
  A gnoll (D:1)
  A worm (D:2)
  2 bats (D:1)
  3 goblins
  3 hobgoblins
  A rat (D:1)
11 creatures vanquished.

Notes
Turn   | Place    | Note
-------+----------+-------------------------------------------
     0 | D:1      | Philleandros the High Elf Conjurer began the quest for the Orb.
     0 | D:1      | Reached XP level 1. HP: 11/11 MP: 4/4
   360 | D:1      | Reached XP level 2. HP: 17/17 MP: 0/6
  1042 | D:2      | Noticed an earth elemental
  1043 | D:2      | Found a stormy altar of Qazlal.
  1053 | D:2      | Noticed a fire elemental
  1110 | D:2      | Reached skill level 5 in Conjurations
  1197 | D:2      | Noticed Robin
  1220 | D:2      | Noticed an air elemental
  1221 | D:2      | Noticed a water elemental
  1268 | D:1      | Slain by Robin

Skill      XL: |  1  2 |
---------------+-------+-----
Conjurations   | 5 |  5.1
Dodging        | |  2.2
Stealth        | |  2.2
Spellcasting   | |  2.8

Action                   || total
-------------------------++-------
Melee: Unarmed           ||     3
 Cast: Magic Dart        ||    28
  Use: Scroll            ||     4
Armor: Robe              ||     3
Dodge: Dodged            ||    27
